 Dungeon Crawl Stone Soup version 0.18.1-8-gdd0e5ea (webtiles) character file.

33 buf2 the Chiller (level 3, -2/22 HPs)
             Began as a Halfling Ice Elementalist on May 30, 2016.
             Slain by a worm (10 damage)
             ... on level 2 of the Dungeon.
             The game lasted 00:07:49 (1161 turns).

buf2 the Chiller (Halfling Ice Elementalist)        Turns: 1161, Time: 00:07:49

Health: -2/22      AC:  2    Str:  9    XL:     3   Next: 47%
Magic:  5/5        EV: 15    Int: 14    God:
Gold:   68         SH:  0    Dex: 14    Spells: 1 memorised, 4 levels left

rFire  . . .     SeeInvis .     n - +0 short sword
rCold  . . .     Gourm    .     a - +0 robe
rNeg   . . .     Faith    .     (shield restricted)
rPois  .         Spirit   .     (no helmet)
rElec  .         Dismiss  .     (no cloak)
rCorr  .         Reflect  .     (no gloves)
SustAt .         Harm     .     (no boots)
MR     .....                    (no amulet)
Stlth  ++........               (no ring)
                                (no ring)

@: lethally poisoned (-2 -> -6), not resistant to hostile enchantments,
unstealthy
A: mutation resistance 1
a: no special abilities


You were on level 2 of the Dungeon.
You were not hungry.

You visited 1 branch of the dungeon, and saw 2 of its levels.

You collected 68 gold pieces.

Inventory:

Hand Weapons
 g - a +0 hunting sling
 n - a +0 short sword (weapon)
 r - a cursed -2 whip
Missiles
 d - 63 stones (quivered)
 p - 2 arrows
 u - 19 poisoned needles
Armour
 a - a +0 robe (worn)
 j - a +0 robe
Jewellery
 e - a cursed -2 ring of protection
Scrolls
 k - a scroll of recharging
Potions
 h - a potion of beneficial mutation {unknown}
 i - a potion of invisibility {unknown}
 m - a potion of degeneration {unknown}
 v - a potion of heal wounds {unknown}
Books
 b - a book of Frost

   Spells                             Type                      Level
   a - Freeze                         Ice                          1
   b - Throw Frost                    Conjuration/Ice              2
   c - Ozocubu's Armour               Charms/Ice                   3
   d - Throw Icicle                   Conjuration/Ice              4
   e - Summon Ice Beast               Ice/Summoning                4
Comestibles
 c - a bread ration
 f - 4 fruits
 o - a slice of pizza
 q - 2 chunks of flesh
 s - a meat ration
 t - a beef jerky


   Skills:
 + Level 0.3 Fighting
 + Level 0.6 Short Blades
 + Level 2.6 Dodging
 + Level 2.9 Stealth
 + Level 1.8 Spellcasting
   Level 0.7 Conjurations
 + Level 3.2 Ice Magic


You had 4 spell levels left.
You knew the following spells:

 Your Spells              Type           Power        Failure   Level  Hunger
a - Freeze                Ice            ##..         10%         1    ##.....


Dungeon Overview and Level Annotations

Branches:
Dungeon (2/15)

Altars:
Gozag
Qazlal


Innate Abilities, Weirdness & Mutations

You are small and have problems with some larger weapons.
You are somewhat resistant to further mutation.


Message History

You kill the giant newt!
You feel sick. The worm misses you.
You see here an adder corpse.
You hit the worm but do no damage. The worm closely misses you.
You hit the worm.
The worm is moderately wounded.
You feel sick.
You hit the worm.
The worm is heavily wounded.
The worm barely misses you.
You hit the worm.
The worm is severely wounded.
You hit the worm.
The worm is severely wounded.
The worm misses you.
You hit the worm.
The worm is almost dead.
You feel sick. The worm bites you!
You die...

## ########## .###
############........# ...########
#...#............##.#
..........###...#...............#
...............w@....[...........
................#.........).....#
........[.......#...............#
.....w....#.......).............#
..........#................###...
..........#..........###_........
.........##..........# #.#.......
.#.......##..........###+#.......
.#.......##......................


You could see a worm.

Vanquished Creatures
  An adder (D:2)
  2 dart slugs
  A giant gecko (D:2)
  A giant cockroach (D:2)
  4 goblins
  2 hobgoblins
  2 kobolds (D:1)
  2 bats (D:1)
  2 giant newts
  2 rats (D:1)
19 creatures vanquished.

Notes
Turn   | Place    | Note
--------------------------------------------------------------
     0 | D:1      | buf2 the Halfling Ice Elementalist began the quest for the Orb.
     0 | D:1      | Reached XP level 1. HP: 11/11 MP: 3/3
   372 | D:1      | Reached XP level 2. HP: 17/17 MP: 1/4
   736 | D:2      | Found a stormy altar of Qazlal.
   795 | D:2      | Found an opulent altar of Gozag.
   824 | D:2      | Reached XP level 3. HP: 4/21 MP: 5/5
  1161 | D:2      | Slain by a worm

Action                   || total
-------------------------++-------
Melee: Unarmed           ||     9
       Short sword       ||    53
Throw: Stone             ||     3
 Cast: Freeze            ||    11
  Use: Scroll            ||     5
 Stab: Sleeping          ||     1
  Eat: Chunk             ||     1
Armor: Robe              ||     8
Dodge: Dodged            ||    53
